Map: Lerilak Crest

Players

Victor - Winner!

  • Race: Zerg Zerg
  • League: Diamond

LilDicky

  • Race: Terran Terran
  • League: Diamond

VOD

http://www.twitch.tv/tumescentpie

Description

Time

  • Played on: Nov. 24, 2015, 2:56 p.m.
  • Length: 12:19
Show
View Real Time Build Order
Export as new Build Order

Victor Zerg - Winner!

Build Orders: Pool First 

Get SALT Encoding   

  12  0:02  Drone  
  13  0:11  Drone  
  14  0:21  Overlord  
  14  0:44  Drone x3  
  14  0:47  Spawning Pool  
  16  0:54  Extractor  
  16  0:56  Drone  
  16  1:05  Drone  
  17  1:18  Overlord  
  17  1:31  Drone  
  18  1:34  Queen  
  18  1:38  Roach Warren  
  19  1:41  Drone  
  20  1:53  Drone  
  21  2:13  Hatchery  
  20  2:20  Roach x2  
  24  2:27  Roach  
  26  2:37  Roach  
  27  2:44  Queen  
  29  3:09  Overlord  
  29  3:11  Overlord  
  29  3:25  Roach x3  
  35  3:40  Roach x2  
  35  3:41  Roach x3  
  43  3:56  Roach x2  
  43  4:00  Roach  
  47  4:12  Ravager  
  47  4:14  Drone x3  
  51  4:20  Overlord  
  51  4:36  Ravager  
  52  4:41  Overlord x2  
  43  5:06  Roach x2  
  43  5:07  Roach  
  36  5:18  Drone x4  
  36  5:19  Drone x2  
  36  5:31  Drone x3  
  39  5:37  Lair  
  39  5:40  Queen  
  41  5:49  Drone x2  
  43  6:08  Roach x2  
  43  6:09  Roach  
  49  6:13  Extractor  
  49  6:14  Roach  
  49  6:20  Queen  
  51  6:31  Roach  
  53  6:35  Roach  
  55  6:41  Roach  
  57  6:56  Queen  
  57  6:57  Hatchery, Extractor x2  
  56  7:15  Hydralisk Den  
  51  7:23  Evolution Chamber  
  51  7:25  Spine Crawler  
  51  7:27  Drone x5  
  51  7:28  Drone  
  55  7:32  Evolution Chamber  
  55  7:45  Baneling Nest  
  55  7:47  Hydralisk x4  
  55  7:49  Zergling x10  
  67  7:54  Drone  
  66  8:14  Overseer  
  66  8:18  Zerg Ground Armor Level 1  
  65  8:20  Zerg Missile Weapons Level 1  
  64  8:43  Hydralisk x2  
  64  8:44  Hydralisk  
  66  8:57  Hydralisk  
  66  9:00  Drone x2  
  68  9:14  Hydralisk  
  70  9:36  Hydralisk x2  
  70  9:37  Hydralisk x3  
  80  9:44  Drone  
  80  9:45  Drone  
  82  9:52  Drone x4  
  82  10:03  Overseer  
  82  10:19  Overlord x2  
  82  10:41  Roach x2  
  82  10:42  Roach x4  
  94  10:43  Zergling x4  
  96  11:09  Overlord x2  
  96  11:10  Overlord x3  
  96  11:30  Roach x2  
  94  11:36  Roach x3  
  94  11:37  Roach x3  
  89  11:51  Roach x3  
  85  12:16  Ravager x2  
  85  12:17  Ravager x6  
Show
View Real Time Build Order
Export as new Build Order

LilDicky Terran 

Build Orders: Liberator Opening 

Get SALT Encoding   

  12  0:01  SCV  
  13  0:13  SCV  
  14  0:17  Supply Depot  
  14  0:25  SCV  
  15  0:31  Refinery  
  15  0:39  SCV  
  16  0:45  Barracks  
  16  0:51  SCV  
  17  1:03  SCV  
  18  1:15  SCV  
  19  1:27  SCV  
  20  1:38  Command Center  
  20  1:39  Reaper  
  21  1:44  Orbital Command  
  21  1:58  Refinery  
  21  1:59  Supply Depot  
  21  2:10  SCV  
  21  2:11  Reaper  
  23  2:24  SCV  
  24  2:39  Factory  
  24  2:44  Barracks Reactor  
  24  2:53  Orbital Command  
  24  2:58  SCV  
  25  3:00  Bunker x2  
  24  3:23  Widow Mine, Orbital Command  
  24  3:26  Starport  
  24  3:27  Marine x2  
  24  3:31  Bunker  
  24  3:48  Marine  
  24  3:49  Marine  
  24  3:55  Liberator  
  23  4:01  Factory Tech Lab  
  23  4:10  Marine x2  
  29  4:17  SCV  
  29  4:19  Siege Tank  
  29  4:20  SCV  
  31  4:34  Marine x2  
  33  4:39  SCV x2  
  33  4:43  Supply Depot  
  23  5:16  Siege Tank, Starport Tech Lab  
  23  5:17  SCV  
  23  5:20  Supply Depot  
  27  5:23  Marine  
  27  5:25  Orbital Command  
  26  5:36  Raven  
  28  5:48  Widow Mine  
  30  5:58  Marine x2  
  30  6:01  SCV x2  
  34  6:04  Bunker  
  34  6:13  SCV  
  34  6:16  Marine x2  
  37  6:31  Banshee  
  37  6:33  Marine  
  37  6:38  SCV x2  
  37  6:39  Marine  
  41  6:40  Cloaking Field  
  41  6:50  Command Center, SCV x2  
  43  6:54  Marine  
  44  7:02  Supply Depot, SCV  
  44  7:03  SCV  
  46  7:14  SCV  
  47  7:21  Banshee  
  50  7:24  Marine  
  50  7:26  SCV  
  50  7:29  SCV  
  53  7:31  Refinery  
  53  7:33  Refinery  
  53  7:34  Siege Tank  
  56  7:38  SCV  
  56  7:39  Marine  
  56  7:41  SCV  
  59  7:47  Supply Depot  
  59  7:50  SCV  
  60  8:05  Banshee  
  63  8:12  Cyclone  
  66  8:15  SCV x2, Armory  
  68  8:20  Engineering Bay  
  68  8:27  SCV  
  69  8:34  SCV  
  69  8:39  Engineering Bay  
  70  8:41  SCV  
  71  8:59  Banshee  
  71  9:01  Siege Tank, Marine x2  
  71  9:02  SCV x2  
  82  9:03  Orbital Command  
  78  9:14  SCV x2  
  77  9:19  Marine  
  78  9:26  SCV x2  
  78  9:28  SCV, Missile Turret  
  82  9:38  SCV x2  
  82  9:39  Command Center  
  83  9:46  Raven  
  83  9:49  Supply Depot  
  83  9:50  Thor  
  88  9:55  Starport  
  88  9:57  Terran Vehicle And Ship Armor Level 1, Factory  
  88  10:27  SCV  
  89  10:31  Refinery  
  89  10:32  Banshee, Refinery  
  89  10:33  Starport Tech Lab  
  89  10:35  Corvid Reactor  
  92  10:43  Factory Reactor, Barracks  
  92  10:45  Barracks  
  92  10:46  Command Center  
  92  10:47  SCV  
  93  10:51  Supply Depot  
  93  10:53  Hi-Sec Auto Tracking  
  93  10:58  SCV  
  94  11:21  Supply Depot  
  94  11:24  Hellion x3  
  100  11:28  Marine x2  
  73  11:45  Siege Tank  
Tags
 
Add a new tag
Caveats
  • Supply blocks, unpowered buildings, or Contaminate may cause inaccurate times.
  • Supply counts are checked every 10 seconds.